 Dungeon Sprint DCSS version 0.27-a0-67-g4bfc8a49e1 (webtiles) character file.

Game seed: 11504199452896220474

9401 mhtbhm the Fencer (level 11, -2/103 HPs)
             Began as a Human Berserker on Jan 9, 2021.
             Was the Champion of Trog.
             Slain by a fire dragon (8 damage)
             ... in the Dungeon (Sprint III: "The Ten Rune Challenge").
             The game lasted 00:06:59 (2813 turns).

mhtbhm the Fencer (Human Berserker)                 Turns: 2813, Time: 00:07:00

Health: -2/103     AC: 10    Str: 29    XL:     11   Next: 73%
Magic:  11/11      EV: 19    Int:  8    God:    Trog [******]
Gold:   1701       SH:  0    Dex: 15    Spells: 10/10 levels left

rFire    . . .     SeeInvis .   a - +1 triple sword (flame)
rCold    . . .     Faith    .   (shield currently unavailable)
rNeg     . . .     Spirit   .   b - +1 scale mail {rPois}
rPois    +         Reflect  .   (helmet restricted)
rElec    .         Harm     .   (no cloak)
rCorr    .         Rampage  .   h - +0 pair of fencer's gloves {Riposte Dex+3}
Will     .....     NoTele   +   (no boots)
Stlth    +.........             (no amulet)
HPRegen  0.27/turn              p - +6 ring of strength
MPRegen  0.12/turn              (no ring)

@: no status effects
A: horns 1, repulsion field 1, screaming 1, strong 1
a: Renounce Religion, Berserk, Trog's Hand, Brothers in Arms


You were in the Dungeon.
You worshipped Trog.
Trog was exalted by your worship.
You visited 1 branch You collected 4675 gold pieces.
You spent 2974 gold pieces at shops.

Inventory:

Hand Weapons
 a - a +1 triple sword of flaming (weapon)
Missiles
 o - 6 curare-tipped darts
Armour
 b - a +1 scale mail of poison resistance (worn)
 h - the +0 pair of fencer's gloves (worn) {Riposte Dex+3}
   (You bought it in a shop in the Dungeon)

   It affects your dexterity (+3).
Jewellery
 p - a +6 ring of strength (left hand)
Wands
 t - a wand of random effects (20)
Scrolls
 j - 4 scrolls of holy word
 k - 4 scrolls of identify
 l - 3 scrolls of enchant armour
 n - a scroll of remove curse
 v - a scroll of amnesia {unknown}
Potions
 c - 5 potions of curing
 d - a potion of heal wounds
 e - a potion of haste
 f - 2 potions of magic
 g - 3 potions of berserk rage
 i - 3 potions of mutation
 m - 2 potions of flight
 q - a potion of might
 r - a potion of invisibility
Miscellaneous
 s - a condenser vane
 u - a phantom mirror


   Skills:
 + Level 15.4 Fighting
 + Level 18.0 Long Blades
 + Level 8.8 Armour
 + Level 10.0 Dodging
 - Level 1.5 Stealth


You had 10 spell levels left.
You didn't know any spells.
Your spell library was empty.

Dungeon Overview and Level Annotations

Branches:
Dungeon (1/1)

Altars:
Cheibriados
Dithmenos
Elyvilon
Fedhas
Gozag
Hepliaklqana
Kikubaaqudgha
Makhleb
Nemelex Xobeh
Okawaru
Qazlal
Ru
Sif Muna
Trog
Uskayaw
Vehumet
Wu Jian
Xom
Yredelemnul
Zin
The Shining One
Beogh
Jiyva
Lugonu

Shops:
D }[=:(?}(![[}


Innate Abilities, Weirdness & Mutations

You have a pair of small horns on your head.
You are surrounded by a mild repulsion field. (EV +2)
You occasionally shout uncontrollably at your foes.
Your muscles are strong. (Str +2)


Message History

You are too injured to fight recklessly!
You barely miss the fire dragon. You headbutt the fire dragon!
The fire dragon is almost dead.
The fire dragon closely misses you. x2; The fire dragon misses you.
Your scale mail prevents you from hitting the fire dragon.
The fire dragon is almost dead.
The fire dragon breathes flames at you. The blast of flame hits you!!!
* * * LOW HITPOINT WARNING * * *
You hit the fire dragon but do no damage.
You headbutt the fire dragon, but do no damage.
The fire dragon is almost dead.
The fire dragon barely misses you.
You riposte.
You hit the fire dragon but do no damage.
You headbutt the fire dragon, but do no damage.
The fire dragon is almost dead.
The fire dragon claws you!
* * * LOW HITPOINT WARNING * * *
The fire dragon tramples you!
You die...

*,≈§§≈≈≈≈#...#}..#..#,,,,,,*
***§≈≈≈≈≈#...#...#..#,,,,,,*
,,*,≈≈≈≈≈##'###'##..#,,,,,,*
,,***≈≈###......)'..+,,,,,,*
,,+,*,##.#.#####.####,,,,,,*
#######..'.#.).'(#..#,,≈≈≈,*
......'..#######.'..#,,≈≈≈,*
..########,,,,,#.####,,≈≈≈,*
###.∩⌠⌠..#,,*,,#@#..#,,,,,,*
#.#.∩⌠⌠∩.#,*,*,#.D..#,,,,,,*
§§#.∩∩∩∩.#,,,,,#.#..#,,,,,,*
§.#.∩∩∩∩.#,,,,,#.#..#,,,,,,*
§§#......#,*,*,+.#..#,,,,^,*
§.###''###,,*,,#.#..#,,,^,^*
.§#.⌠..⌠.#,,,,,######*****+*
#§#......#****************,*
#§.......#,,,*,*,,,,,^^,*,,*


You could see a fire dragon (catching breath).

Vanquished Creatures
  Dowan (D)
  Erolcha (D)
  A centaur warrior (D)
  An orange crystal statue (D)
  A deep elf mage (D)
  An orc sorcerer (D)
  2 ugly things (D)
  Duvessa (D)
  4 spriggan defenders (D)
  2 orc high priests (D)
  3 slime creatures (D)
  A shadow (D)
  2 redbacks (D)
  A spatial vortex (D)
  An orc warrior (D)
  A necrophage (D)
  5 two-headed ogres (D)
  A water elemental (D)
  A scorpion (D)
  3 wandering mushrooms (D)
  A jelly (D)
  2 orc wizards (D)
  2 orc priests (D)
  A wizard (D)
  A necromancer (D)
  3 humans (D)
  A kobold demonologist (D)
  5 orcs (D)
  4 rats (D)
54 creatures vanquished.

Vanquished Creatures (collateral kills)
  An orc sorcerer (D)
  An orc warrior (D)
  2 orc wizards (D)
  5 orcs (D)
9 creatures vanquished.

Vanquished Creatures (others)
  9 plants (D)
9 creatures vanquished.

Grand Total: 72 creatures vanquished

Notes
Turn   | Place    | Note
-------+----------+-------------------------------------------
     0 | D        | mhtbhm the Human Berserker began the quest for the Orb.
     0 | D        | Reached XP level 1. HP: 18/18 MP: 1/1
    13 | D        | Reached ** piety under Trog
    14 | D        | Reached skill level 1 in Stealth
    71 | D        | Reached skill level 4 in Long Blades
    71 | D        | Reached XP level 2. HP: 26/26 MP: 2/2
    71 | D        | Reached XP level 3. HP: 31/31 MP: 3/3
   146 | D        | Noticed a scorpion
   157 | D        | Killed a scorpion
   158 | D        | Reached skill level 5 in Fighting
   158 | D        | Reached skill level 5 in Long Blades
   158 | D        | Reached XP level 4. HP: 37/39 MP: 4/4
   178 | D        | Gained mutation: You are surrounded by a mild repulsion
                  | field. (EV +2) [potion of mutation]
   178 | D        | Gained mutation: Your muscles are strong. (Str +2) [potion
                  | of mutation]
   178 | D        | Gained mutation: You occasionally shout uncontrollably at
                  | your foes. [potion of mutation]
   178 | D        | Gained mutation: You have a pair of small horns on your
                  | head. [potion of mutation]
   284 | D        | Noticed a water elemental
   289 | D        | Killed a water elemental
   289 | D        | Reached *** piety under Trog
   290 | D        | Reached skill level 6 in Long Blades
   290 | D        | Reached XP level 5. HP: 47/47 MP: 5/5
   367 | D        | Found a glowing silver altar of Zin.
   367 | D        | Found a glowing golden altar of the Shining One.
   367 | D        | Found a white marble altar of Elyvilon.
   367 | D        | Noticed a deep elf mage
   380 | D        | Killed a deep elf mage
   381 | D        | Reached skill level 10 in Long Blades
   381 | D        | Reached skill level 5 in Dodging
   381 | D        | Reached XP level 6. HP: 37/59 MP: 6/6
   381 | D        | Reached XP level 7. HP: 41/64 MP: 7/7
   557 | D        | Found a hide-covered altar of Uskayaw.
   557 | D        | Found a roughly hewn altar of Beogh.
   557 | D        | Found an iron altar of Okawaru.
   557 | D        | Found a bloodstained altar of Trog.
   557 | D        | Found an ornate altar of the Wu Jian Council.
   557 | D        | Noticed a human
   557 | D        | Noticed a human
   563 | D        | Killed a human
   564 | D        | Reached skill level 10 in Fighting
   568 | D        | Killed a human
   568 | D        | Reached **** piety under Trog
   569 | D        | Reached skill level 11 in Long Blades
   569 | D        | Reached XP level 8. HP: 73/73 MP: 8/8
   613 | D        | Found a basalt altar of Yredelemnul.
   613 | D        | Found a shadowy altar of Dithmenos.
   613 | D        | Found a sacrificial altar of Ru.
   620 | D        | Reached skill level 5 in Armour
   635 | D        | Found a radiant altar of Vehumet.
   635 | D        | Found a shimmering blue altar of Sif Muna.
   635 | D        | Found an ancient bone altar of Kikubaaqudgha.
   637 | D        | Reached ***** piety under Trog
   692 | D        | Noticed a shadow
   695 | D        | Killed a shadow
   695 | D        | Received a gift from Trog
   696 | D        | Reached skill level 12 in Long Blades
   760 | D        | Found a blossoming altar of Fedhas.
   760 | D        | Found a stormy altar of Qazlal.
   760 | D        | Found a snail-covered altar of Cheibriados.
   760 | D        | Found a burning altar of Makhleb.
   760 | D        | Found a shimmering altar of Xom.
   761 | D        | Found a hazy altar of Hepliaklqana.
   761 | D        | Found an opulent altar of Gozag.
   761 | D        | Found a sparkling altar of Nemelex Xobeh.
   761 | D        | Found a corrupted altar of Lugonu.
   761 | D        | Found a viscous altar of Jiyva.
   795 | D        | Reached XP level 9. HP: 81/81 MP: 9/9
   867 | D        | Noticed a two-headed ogre
   877 | D        | Killed a two-headed ogre
   877 | D        | Received a gift from Trog
   878 | D        | Reached skill level 13 in Long Blades
   969 | D        | Noticed Erolcha
   969 | D        | Noticed a two-headed ogre
   975 | D        | Killed Erolcha
   976 | D        | Reached skill level 14 in Long Blades
   980 | D        | Killed a two-headed ogre
  1090 | D        | Reached XP level 10. HP: 82/92 MP: 10/10
  1902 | D        | Noticed an orc sorcerer
  1907 | D        | Noticed an orc sorcerer
  1909 | D        | Killed an orc sorcerer
  1910 | D        | Reached skill level 15 in Long Blades
  1910 | D        | Found Poxixum's Gadget Emporium.
  1911 | D        | Reached ****** piety under Trog
  1918 | D        | Received a gift from Trog
  1919 | D        | Killed an orc sorcerer
  2107 | D        | Noticed a deep elf mage
  2107 | D        | Noticed a deep elf knight
  2107 | D        | Noticed a deep elf mage
  2107 | D        | Noticed a deep elf mage
  2107 | D        | Noticed a deep elf knight
  2142 | D        | Noticed Dowan
  2142 | D        | Noticed Duvessa
  2150 | D        | Killed Dowan
  2150 | D        | Received a gift from Trog
  2151 | D        | Reached skill level 16 in Long Blades
  2151 | D        | Reached XP level 11. HP: 101/101 MP: 3/11
  2162 | D        | Killed Duvessa
  2372 | D        | Noticed an orange crystal statue
  2380 | D        | Killed an orange crystal statue
  2407 | D        | Found Eczih's Gadget Emporium.
  2407 | D        | Found Junwumast's Distillery.
  2407 | D        | Found Teubann's Gadget Shoppe.
  2407 | D        | Found Joyghu's Magic Scroll Boutique.
  2407 | D        | Found Ifaackea's Antique Weapon Emporium.
  2407 | D        | Found Xaireott's Antique Armour Shop.
  2407 | D        | Found Kuor's Antique Armour Emporium.
  2408 | D        | Found Zuonargh's Antique Weapon Boutique.
  2408 | D        | Found Ramo's Book Shoppe.
  2408 | D        | Found Yxujazo's Jewellery Shop.
  2408 | D        | Found Tull's Antique Armour Emporium.
  2441 | D        | Bought the +0 pair of fencer's gloves {Riposte Dex+3} for
                  | 960 gold pieces
  2441 | D        | Found the +0 pair of fencer's gloves {Riposte Dex+3}
  2458 | D        | Bought a scroll of enchant armour for 90 gold pieces
  2458 | D        | Bought a scroll of enchant armour for 90 gold pieces
  2458 | D        | Bought a scroll of magic mapping for 42 gold pieces
  2458 | D        | Bought a scroll of identify for 24 gold pieces
  2458 | D        | Bought a scroll of identify for 24 gold pieces
  2458 | D        | Bought a scroll of identify for 24 gold pieces
  2458 | D        | Bought a scroll of identify for 24 gold pieces
  2458 | D        | Bought a scroll of identify for 24 gold pieces
  2471 | D        | Bought a shiny scale mail for 161 gold pieces
  2479 | D        | Bought a +6 ring of strength for 819 gold pieces
  2490 | D        | Bought a potion of curing for 36 gold pieces
  2490 | D        | Bought a potion of curing for 36 gold pieces
  2490 | D        | Bought a potion of curing for 36 gold pieces
  2490 | D        | Bought a potion of might for 48 gold pieces
  2490 | D        | Bought a potion of invisibility for 96 gold pieces
  2495 | D        | Bought a condenser vane for 440 gold pieces
  2530 | D        | Reached skill level 17 in Long Blades
  2538 | D        | Received a gift from Trog
  2539 | D        | Reached skill level 15 in Fighting
  2711 | D        | Noticed a green ugly thing
  2716 | D        | Killed a green ugly thing
  2717 | D        | Noticed a centaur warrior
  2722 | D        | Killed a centaur warrior
  2723 | D        | Reached skill level 10 in Dodging
  2764 | D        | Noticed a red ugly thing
  2766 | D        | Killed a red ugly thing
  2766 | D        | Received a gift from Trog
  2803 | D        | Noticed a fire dragon
  2804 | D        | Reached skill level 18 in Long Blades
  2813 | D        | Slain by a fire dragon

Illustrated notes

Levels and vault maps discovered:
D:        dungeon_sprint_mu [sprint_mu_entry_forest, sprint_mu_temple_rooms,
          sprint_mu_d1_spiders, sprint_mu_d2_genie, sprint_mu_d3_branching,
          sprint_mu_orc_legion, sprint_mu_elf_gauntlet, sprint_mu_hive_nellie,
          sprint_mu_lair_fedhas, sprint_mu_vaults_butterflies,
          sprint_mu_slime_circle, sprint_mu_swamp_cave, sprint_mu_shoals_kraken,
          sprint_mu_blade_basic, sprint_mu_crypt_lich, sprint_mu_tomb_spiral,
          sprint_mu_vestibule_basic, sprint_mu_gehenna_hellfire,
          sprint_mu_dis_giant, sprint_mu_tartarus_statrot,
          sprint_mu_cocytus_islands, sprint_mu_zot1]

Skill      XL: |  1  2  3  4  5  6  7  8  9 10 11 |
---------------+----------------------------------+-----
Stealth        | 1 |  1.5
Fighting       | 4 5 6 9 10 11 13 14 15 | 15.4
Long Blades    | 4 5 6 10 11 12 14 16 18 | 18.0
Armour         | 3 4 5 7 8 |  8.8
Dodging        | 3 4 5 6 7 8 9 10 | 10.0

Action                   |  1- 3 |  4- 6 |  7- 9 | 10-12 || total
-------------------------+-------+-------+-------+-------++-------
Melee: Falchion          |    21 |    15 |       |       ||    36
       Headbutt          |       |     2 |    24 |    43 ||    69
       Long sword        |       |       |    64 |    53 ||   117
       Great sword       |       |       |       |    60 ||    60
       Triple sword      |       |       |       |    26 ||    26
Invok: Berserk           |     2 |     2 |     4 |     4 ||    12
       Brothers in Arms  |       |       |       |     1 ||     1
  Use: Potion            |       |     1 |       |       ||     1
       Scroll            |       |       |       |     5 ||     5
 Stab: Sleeping          |     1 |       |     1 |       ||     2
Armor: Animal skin       |     2 |       |       |       ||     2
       Leather armour    |       |       |     2 |     7 ||     9
       Scale mail        |       |       |       |     6 ||     6
Dodge: Dodged            |    11 |     1 |    41 |    90 ||   143
       Rpst.: Falchion   |     4 |       |       |       ||     4
       Long sword        |       |       |    10 |     9 ||    19
       Great sword       |       |       |       |    18 ||    18
       Triple sword      |       |       |       |     4 ||     4

Table legend: (Time is in decaauts)
 A = Elapsed time spent in this place.
 B = Non-inter-level travel time spent in this place.
 C = Inter-level travel time spent in this place.
 D = Time resting spent in this place.
 E = Time spent auto-exploring this place.
 F = Levels seen in this place.
 G = Mean time per level.
                   A        B        C        D        E       F      G
               +--------+--------+--------+--------+--------+-----+--------+
         Total |   2869 |   2869 |      0 |   1918 |     50 |   1 | 2869.0 |
       Dungeon |   2869 |   2869 |      0 |   1918 |     50 |   1 | 2869.0 |
               +--------+--------+--------+--------+--------+-----+--------+

Top non-repeatable levels by time:
       D: 2869 daAuts
